 Dungeon Crawl Stone Soup version 0.31.0-11-ge490571c62 (webtiles) character file.

Game seed: 5951551966231525288

732 hikkokomori the Magician (level 7, -19/43 HPs)
             Began as a Deep Elf Hedge Wizard on Feb 3, 2024.
             Was an Initiate of Gozag.
             Killed from afar by an acid dragon (26 damage)
             ... with a splash of acid
             ... on level 5 of the Dungeon.
             The game lasted 00:06:40 (4347 turns).

hikkokomori the Magician (Deep Elf Hedge Wizard)    Turns: 4347, Time: 00:06:40

Health: -19/43     AC: 18    Str:  7    XL:     7   Next: 45%
Magic:  17/17      EV:  3    Int: 21    God:    Gozag
Gold:   372        SH:  0    Dex: 14    Spells: 5/17 levels left

rFire   . . .        j - +2 whip (venom)
rCold   . . .        (no shield)
rNeg    . . .        k - +18 Lear's hauberk
rPois   .            (helmet currently unavailable)
rElec   .            (no cloak)
rCorr   .            (gloves currently unavailable)
SInv    .            (boots currently unavailable)
Will    +....        (no amulet) Stlth
                     m - ring of willpower
HPRegen 0.27/turn    (no ring)
MPRegen 0.15/turn

%: no passive effects
@: corroded, very slow
A: no striking features
a: Renounce Religion, Potion Petition, Call Merchant, Bribe Branch


You were on level 5 of the Dungeon.
You worshipped Gozag.
Gozag was aware of your devotion.
You visited 1 branch of the dungeon, and saw 5 of its levels.

You collected 436 gold pieces.
You paid 64 gold pieces to Gozag.

Inventory:

Hand Weapons
 a - a +0 dagger
 j - a +2 whip of venom (weapon)
 t - a +0 shortbow
 v - a +0 falchion of electrocution
 w - a +2 dagger of protection
 y - a +0 spectral club
Missiles
 o - a curare-tipped dart
 x - a boomerang
Armour
 b - a +0 robe
 c - a +0 hat
 h - a +0 pair of gloves
 k - the +18 Lear's hauberk (worn)
   (You found it on level 3 of the Dungeon)
Jewellery
 m - a ring of willpower (left hand)
 n - a ring of ice
 p - a ring of fire
Wands
 A - a wand of polymorph (10)
Scrolls
 f - 3 scrolls of noise {unknown}
 l - a scroll of vulnerability {unknown}
 q - a scroll of identify {unknown}
 r - 2 scrolls of enchant weapon {unknown}
 u - a scroll of teleportation {unknown}
Potions
 d - a potion of magic
 e - a potion of might {unknown}
 g - a potion of curing {unknown}
 i - a potion of mutation {unknown}
 s - a potion of haste {unknown}
 z - a potion of attraction {unknown}


   Skills:
 + Level 4.1 Fighting
 - Level 2.4 Dodging
 - Level 2.4 Stealth
 + Level 5.6 Spellcasting
 - Level 4.9 Conjurations
 - Level 1.1 Summonings
 - Level 1.1 Translocations
 + Level 2.3 Air Magic
 + Level 2.5 Alchemy


You had 5 spell levels left.
You knew the following spells:

 Your Spells              Type           Power      Damage    Failure   Level
a - Magic Dart            Conj           100%       1d8       91%         1
b - Blink                 Tloc           20%        N/A       100%        2
c - Call Imp              Summ           20%        N/A       100%        2
d - Mephitic Cloud        Conj/Alch/Air  19%        N/A       100%        3
e - Fulminant Prism       Conj/Alch      10%        3d8       100%        4

Your spell library contained the following spells:

 Spells                   Type           Power      Damage    Failure   Level
 Searing Ray              Conj           52%        2d6       97%         2
 Slow                     Hex            20%        N/A       100%        1
 Cigotuvi's Dreadful Rot  Necr/Alch/Air  24%        N/A       100%        2


Dungeon Overview and Level Annotations

Branches:
Dungeon (5/15)
 Temple: D:4-7

Altars:
Fedhas
Gozag
Hepliaklqana
Trog

Shops:
D:4 ?


Message History

The acid dragon claws you but does no damage.
You are too injured to fight recklessly!
You are too injured to fight recklessly!
You are too injured to fight recklessly!
You are too injured to fight recklessly!
You are too injured to fight recklessly!
You are too injured to fight recklessly!
You are too injured to fight recklessly!
You are too injured to fight recklessly!
You are too injured to fight recklessly!
You are too injured to fight recklessly!
You are too injured to fight recklessly!
You are too injured to fight recklessly!
You are too injured to fight recklessly!
You are too injured to fight recklessly!
You are too injured to fight recklessly!
You are too injured to fight recklessly!
You are too injured to fight recklessly!
You are too injured to fight recklessly!
You are too injured to fight recklessly!
You are too injured to fight recklessly!
Throw: 2 darts (curare)
Press: ? - help, Shift-Dir - straight line, f - acid dragon
Aim: an acid dragon (heavily wounded, very poisoned, 57% to hit)
You throw a curare-tipped dart.
The curare-tipped dart hits the acid dragon.
The acid dragon is heavily wounded.
You hear a splash.
The acid dragon spits acid at you. The splash of acid hits you.
The acid corrodes you!
Unknown command.
Unknown command.
The acid dragon spits acid at you. The splash of acid hits you!
* * * LOW HITPOINT WARNING * * *
The acid dragon spits acid at you. The splash of acid hits you!!
Ouch! That really hurt!
You die...
Your body crumbles into a pile of gold.

#........#./~$.##SS≈##~#........
##.......#[PP~S#≈≈.≈≈#~#........
#........#~...~#~?..[#~##.......
#........#.....#~.PP$#~#.......#
#........# #PP..P#~#..#....#
#.......## #.....#.##.......
#.......#..##### #.#........
##......##..D~~##+ ##.#######..
##......#####~@.####~## ###
###.....# ###..~~~## #.....#
####### #######


You could see an acid dragon (very poisoned, catching breath).

Vanquished Creatures
  An ogre (D:4)
  A centaur (D:4)
  A scorpion (D:5)
  A bombardier beetle (D:5)
  A jelly (D:5)
  4 iguanas
  Ijyb (D:5)
  5 orc wizards
  4 gnolls (D:5)
  5 adders
  A white imp (D:5)
  2 ufetubi (D:5)
  4 dart slugs
  2 ribbon worms
  15 orcs
  5 bats
  11 endoplasms
  A giant cockroach (D:4)
  8 goblins
  2 hobgoblins
  2 jackals (D:5)
  2 kobolds (D:4)
  5 quokkas
  3 ball pythons
  2 frilled lizards (D:2)
  4 rats (D:3)
93 creatures vanquished.

Notes
Turn   | Place    | Note
-------+----------+-------------------------------------------
     0 | D:1      | hikkokomori the Deep Elf Hedge Wizard began the quest for
                  | the Orb.
     0 | D:1      | Reached XP level 1. HP: 10/10 MP: 7/7
   507 | D:1      | Reached XP level 2. HP: 16/16 MP: 5/9
  1223 | D:2      | Reached skill level 1 in Fighting
  1735 | D:2      | Reached XP level 3. HP: 16/20 MP: 10/10
  1905 | D:3      | Found the +18 Lear's hauberk
  2114 | D:3      | Found a hazy altar of Hepliaklqana.
  2388 | D:3      | Reached XP level 4. HP: 24/26 MP: 12/12
  2661 | D:4      | Noticed a centaur
  2685 | D:4      | Killed a centaur
  2686 | D:4      | Reached XP level 5. HP: 19/32 MP: 13/13
  2812 | D:4      | Reached XP level 6. HP: 21/37 MP: 14/14
  3234 | D:4      | Found an opulent altar of Gozag.
  3247 | D:4      | Became a worshipper of Gozag Ym Sagoz the Greedy
  3251 | D:4      | Learned a level 2 spell: Blink
  3254 | D:4      | Learned a level 2 spell: Call Imp
  3258 | D:4      | Learned a level 3 spell: Mephitic Cloud
  3263 | D:4      | Learned a level 4 spell: Fulminant Prism
  3290 | D:4      | Found Jariolywk's Magic Scroll Shop.
  3363 | D:5      | Entered Level 5 of the Dungeon
  3482 | D:4      | Reached skill level 1 in Alchemy
  3587 | D:5      | Reached skill level 1 in Air Magic
  3635 | D:5      | Reached skill level 5 in Spellcasting
  3702 | D:5      | Found a bloodstained altar of Trog.
  3740 | D:5      | Reached XP level 7. HP: 42/42 MP: 16/16
  3869 | D:5      | Found a blossoming altar of Fedhas.
  3888 | D:5      | Noticed Ijyb
  3899 | D:5      | Killed Ijyb
  4347 | D:5      | Killed from afar by an acid dragon

Illustrated notes

Levels and vault maps discovered:
D:1:      grunt_arrival_crossed_arrows, layout_loops_corners
D:2:      layout_basic
D:3:      layout_rooms, nicolae_overflow_crystal_walls, minmay_box_of_dots
D:4:      layout_loops_ring, lemuel_crystal_altar, serial_shops,
          kennysheep_mini_moat
D:5:      cheibrodos_two_vegetables, layout_rooms, bloody_trog,
          mainiacjoe_overflow_chevrons, uniq_ijyb

Skill      XL: |  1  2  3  4  5  6  7 |
---------------+----------------------+-----
Fighting       | 1 2 3 4 |  4.1
Conjurations   | 2 3 4 |  4.9
Alchemy        | 1 2 |  2.5
Air Magic      | 1 2 |  2.3
Spellcasting   | 5 |  5.6
Dodging        | |  2.4
Stealth        | |  2.4
Summonings     | |  1.1
Translocations | |  1.1

Action                     |  1- 3 |  4- 6 |  7- 9 || total
---------------------------+-------+-------+-------++-------
  Melee: Whip              |    57 |   171 |    70 ||   298
         Dagger            |     3 |       |       ||     3
         Punch             |       |       |     2 ||     2
  Throw: Dart              |       |       |     1 ||     1
   Cast: Magic Dart        |    45 |       |       ||    45
   Stab: Sleeping          |     2 |       |       ||     2
         Distracted        |       |     1 |     1 ||     2
 Armour: Robe              |    17 |       |       ||    17
         Chain mail        |    30 |   193 |    85 ||   308
  Dodge: Dodged            |    19 |    29 |     9 ||    57
